[Event "Team 45 45 League T55"]
[Site "Internet Chess Club"]
[Date "2012.12.15"]
[Round "5"]
[White "ausya"]
[Black "Insan996"]
[Result "0-1"]
[WhiteElo "1571"]
[BlackElo "1621"]
[Opening "French: advance, Euwe variation"]
[ECO "B22"]
[Time "10:06:08"]
[TimeControl "2700+45"]

1. e4 c5 2. c3 e6 3. d4 d5 4. e5 Nc6 5. Nf3 Bd7 6. Bf4 cxd4 7. cxd4 Nge7 8. Nc3
a6 9. Qd2 Nf5 10. Bg5 Qb6 11. Rd1 h6 12. Bh4 Nxh4 13. Nxh4 Be7 14. Nf3 O-O 15.
g3 Na7 16. a4 Bb4 17. Bg2 Bxc3 18. bxc3 Bxa4 19. Ra1 Bb5 20. Ng1 Rac8 21. Bf3
Rc7 22. Be2 Rfc8 23. Ra3 Bxe2 24. Nxe2 Nb5 25. Rb3 Qa5 26. Qb2 Nxc3 27. Rxc3
Rxc3 28. Nxc3 Qxc3+ 29. Qxc3 Rxc3 30. Kd2 Rc4 31. Kd3 Kf8 32. Rb1 b5 33. Ra1 Rc6
34. Rb1 Ke7 35. f4 f5 36. exf6+ gxf6 37. g4 Rb6 38. Rc1 Kd7 39. h4 Rb8 40. g5
hxg5 41. fxg5 fxg5 42. hxg5 b4 43. Kc2 Rc8+ {White resigns} 0-1

[Event "Team 45 45 League T55"]
[Site "Internet Chess Club"]
[Date "2012.12.15"]
[Round "5"]
[White "DaPaz"]
[Black "fledermaus"]
[Result "0-1"]
[WhiteElo "1947"]
[BlackElo "1995"]
[Opening "Bird's opening"]
[ECO "A02"]
[Time "18:01:23"]
[TimeControl "2700+45"]

1. f4 Nf6 2. Nf3 g6 3. b3 Bg7 4. Bb2 O-O 5. e3 d6 6. Be2 e5 7. fxe5 Ng4 8. O-O
Nc6 9. h3 Ngxe5 10. Nc3 d5 11. Nxe5 Bxe5 12. Na4 d4 13. exd4 Bxd4+ 14. Bxd4 Nxd4
15. Bd3 Qg5 16. Kh1 Bf5 17. Bxf5 Nxf5 18. Re1 Rad8 19. d3 Ng3+ 20. Kg1 b5 21.
Nb2 Qc5+ 22. Kh2 Qd6 23. Qf3 Nf5+ 24. Kh1 Qd4 25. Rab1 Rfe8 26. Re4 Rxe4 27.
dxe4 Nd6 28. Nd3 Nxe4 29. Re1 Re8 30. Kh2 Qd6+ 31. g3 f5 32. Nf4 Rd8 33. Re2 Qd1
34. Nd3 Qa1 35. g4 Qf6 36. gxf5 Ng5 37. Qg3 Qxf5 38. Re5 Nf3+ 39. Kg2 Nxe5
{White resigns} 0-1

[Event "Team 45 45 League T55"]
[Site "Internet Chess Club"]
[Date "2012.12.18"]
[Round "5"]
[White "jonesey"]
[Black "blackcatdillac"]
[Result "0-1"]
[WhiteElo "1853"]
[BlackElo "1875"]
[Opening "English: symmetrical variation"]
[ECO "A16"]
[Time "16:19:56"]
[TimeControl "2700+45"]

1. c4 Nf6 2. Nc3 c5 3. g3 Nc6 4. Bg2 g6 5. e3 Bg7 6. Nge2 O-O 7. O-O d6 8. a3
Rb8 9. Rb1 Be6 10. Nd5 Na5 11. d3 b5 12. Nxf6+ Bxf6 13. cxb5 Rxb5 14. Qa4 Qb6
15. Bd2 Bb3 16. Qe4 d5 17. Qf4 Bc2 18. Nc3 Bxb1 19. Nxd5 Qd6 20. Qa4 Rxb2 21.
Nxf6+ Qxf6 22. Bxa5 Bxd3 23. Rc1 Qxf2+ {White resigns} 0-1

[Event "Team 45 45 League T55"]
[Site "Internet Chess Club"]
[Date "2012.12.12"]
[Round "5"]
[White "nursey"]
[Black "nanning"]
[Result "1-0"]
[WhiteElo "1648"]
[BlackElo "1641"]
[Opening "Sicilian: Taimanov (Bastrikov) variation"]
[ECO "B47"]
[Time "14:02:53"]
[TimeControl "2700+45"]

1. e4 c5 2. Nf3 e6 3. d4 cxd4 4. Nxd4 Nc6 5. Nc3 Qc7 6. Ndb5 Qb8 7. Bc4 a6 8.
Nd4 Bc5 9. Be3 Bb4 10. O-O Nf6 11. Nxc6 dxc6 12. Qf3 b5 13. Bd3 e5 14. h3 Be6
15. Bg5 Be7 16. a4 O-O 17. axb5 axb5 18. Rxa8 Qxa8 19. Rd1 b4 20. Ne2 b3 21.
cxb3 Qb7 22. Bc2 h6 23. Bh4 Ra8 24. Bg3 Nd7 25. Nc3 f6 26. Qh5 Nc5 27. f3 Nxb3
28. Bf2 Na1 29. Ba4 Qxb2 30. Bxc6 Rc8 31. Bd5 Bxd5 32. Nxd5 Qa3 33. Nxe7+ Qxe7
34. Rxa1 Qb4 35. Ra7 Qc4 36. Be3 {Black resigns} 1-0

[Event "Team 45 45 League T55"]
[Site "Internet Chess Club"]
[Date "2012.12.15"]
[Round "5"]
[White "carokantor"]
[Black "seikster"]
[Result "1-0"]
[WhiteElo "2031"]
[BlackElo "1846"]
[Opening "Sicilian: Alapin's variation (2.c3)"]
[ECO "B22"]
[Time "13:17:43"]
[TimeControl "2700+45"]

1. e4 c5 2. c3 Nf6 3. e5 Nd5 4. Nf3 Nc6 5. d4 e6 6. Bd3 cxd4 7. cxd4 Qb6 8. Be4
Bb4+ 9. Kf1 h6 10. g3 g5 11. Bxd5 Qb5+ 12. Kg2 Qxd5 13. h3 b6 14. a3 Be7 15. Nc3
Qc4 16. Qf1 Qb3 17. Qd3 Bb7 18. Kh2 Ba6 19. Qxa6 Qc2 20. Qe2 Qg6 21. Qe4 f5 22.
exf6 Qxf6 23. d5 Rf8 24. dxc6 Qxf3 {Black resigns} 1-0

[Event "Team 45 45 League T55"]
[Site "Internet Chess Club"]
[Date "2012.12.15"]
[Round "5"]
[White "LittleButton"]
[Black "Tobiasdelmonte"]
[Result "1/2-1/2"]
[WhiteElo "1734"]
[BlackElo "1708"]
[Opening "Alekhine's defense: Sämisch attack"]
[ECO "B02"]
[Time "12:13:06"]
[TimeControl "2700+45"]

1. e4 Nf6 2. e5 Nd5 3. Nc3 Nxc3 4. bxc3 g6 5. f4 Bg7 6. Nf3 d6 7. d4 O-O 8. Bc4
c6 9. O-O Bg4 10. h3 Bxf3 11. Qxf3 e6 12. Ba3 c5 13. Qxb7 Nd7 14. Qf3 Qa5 15.
Bc1 Nb6 16. Be2 Nd5 17. c4 Nb6 18. c3 Rac8 19. Bb2 cxd4 20. cxd4 Nxc4 21. Bc3
Qc7 22. Bb4 a5 23. Bxc4 axb4 24. Bb3 Qb6 25. Qf2 Rc3 26. Rae1 Rfc8 27. d5 Qxf2+
28. Rxf2 exd5 29. Bxd5 R8c5 30. Bb3 dxe5 31. fxe5 Rxe5 32. Rxf7 Rxb3 33. Rxg7+
Kxg7 34. Rxe5 Rb1+ 35. Kh2 Kf6 36. Ra5 Rb2 37. Kg3 h5 38. Kf3 Rc2 39. Ra4 Rc3+
40. Kf2 Rc2+ 41. Kf3 Rb2 42. Ra5 g5 43. g3 Rd2 44. Rb5 Rxa2 45. Rxb4 Ra3+ 46.
Kf2 Ra5 47. Rb6+ Kf5 48. g4+ hxg4 49. hxg4+ Kxg4 50. Rb3 Ra2+ 51. Kg1 Kh4 52.
Rc3 g4 53. Rb3 g3 54. Rb8 Ra1+ 55. Kg2 Ra2+ 56. Kg1 Rf2 57. Rh8+ Kg4 58. Rg8+
Kf3 59. Rf8+ Ke3 60. Rxf2 gxf2+ 61. Kf1 {Game drawn by mutual agreement} 1/2-1/2

[Event "Team 45 45 League T55"]
[Site "Internet Chess Club"]
[Date "2012.12.14"]
[Round "5"]
[White "Warpdrive"]
[Black "SugarIslander"]
[Result "0-1"]
[WhiteElo "1711"]
[BlackElo "1686"]
[Opening "Caro-Kann: advance variation"]
[ECO "B12"]
[Time "19:00:55"]
[TimeControl "2700+45"]

1. e4 c6 2. d4 d5 3. e5 Bf5 4. Nf3 e6 5. Bd3 Bxd3 6. Qxd3 c5 7. c3 Qb6 8. O-O
Nc6 9. Re1 h6 10. b3 cxd4 11. cxd4 Nge7 12. Ba3 Nf5 13. Bxf8 Rxf8 14. Rd1 O-O-O
15. g4 Nfe7 16. Na3 Ng6 17. Qb5 Qc7 18. Rac1 a6 19. Qa4 Kb8 20. Rc2 Qa5 21. Qxa5
Nxa5 22. Rdc1 Rc8 23. Rxc8+ Rxc8 24. Rxc8+ Kxc8 25. Nc2 Nf4 26. Kf1 g5 27. h4
gxh4 28. Nxh4 Kc7 29. Nf3 Nc6 30. Ke1 Nd3+ 31. Ke2 Nc1+ 32. Kd2 Nxa2 {White
resigns} 0-1

[Event "Team 45 45 League T55"]
[Site "Internet Chess Club"]
[Date "2012.12.18"]
[Round "5"]
[White "oldsj"]
[Black "vigneshv"]
[Result "0-1"]
[WhiteElo "1647"]
[BlackElo "1714"]
[Opening "French: exchange variation"]
[ECO "C01"]
[Time "19:01:22"]
[TimeControl "2700+45"]

1. e4 e6 2. d4 d5 3. exd5 exd5 4. c4 Nf6 5. Nc3 Be7 6. Nf3 O-O 7. Be2 dxc4 8.
Bxc4 Bg4 9. Be2 c6 10. O-O Nbd7 11. Re1 Qc7 12. h3 Bh5 13. Nh4 Bxe2 14. Rxe2
Rfe8 15. Nf5 Bb4 16. a3 Bxc3 17. bxc3 Ne4 18. Qc2 Ndf6 19. Bb2 Qf4 20. Ne3 Nxf2
21. Rf1 Rxe3 22. Rxe3 Qxe3 23. Qxf2 Qxf2+ 24. Rxf2 Re8 25. Kf1 Ne4 26. Rf4 g5
27. Rf2 Nxf2 28. Kxf2 Kg7 29. g4 Kg6 30. a4 h5 31. c4 hxg4 32. hxg4 f5 33. Ba3
fxg4 34. d5 cxd5 35. cxd5 Rd8 36. d6 Kf5 37. Kg3 Rd7 38. a5 Rh7 39. Kg2 Rh3 40.
Bc5 a6 41. Bb6 Rd3 42. Bc7 Ke6 43. Kf2 Rxd6 44. Kg3 Rc6 45. Bb6 Rxb6 46. Kxg4
Rb5 {White resigns} 0-1

[Event "Team 45 45 League T55"]
[Site "Internet Chess Club"]
[Date "2012.12.16"]
[Round "5"]
[White "alexping"]
[Black "TerryMalloy"]
[Result "1/2-1/2"]
[WhiteElo "1964"]
[BlackElo "2019"]
[Opening "Queen's gambit accepted"]
[ECO "D20"]
[Time "10:02:56"]
[TimeControl "2700+45"]

1. d4 d5 2. c4 dxc4 3. Nc3 a6 4. g3 c5 5. d5 b5 6. Bg2 Bb7 7. e4 e6 8. Nge2 exd5
9. Nxd5 Nf6 10. Nxf6+ Qxf6 11. O-O Be7 12. Nc3 O-O 13. Qc2 Nc6 14. Nd5 Qd6 15.
Bf4 Qd8 16. a4 Nd4 17. Qd1 Bd6 18. Bxd6 Qxd6 19. e5 Qxe5 20. Re1 Qb8 21. axb5
axb5 22. Qg4 Bxd5 23. Bxd5 Rxa1 24. Rxa1 Qe5 25. Qd7 Qf5 26. Qd6 h6 27. Ra7 Ne6
28. Rd7 Qb1+ 29. Kg2 Qxb2 30. Rxf7 Rxf7 31. Qxe6 Qxf2+ 32. Kh3 Qf1+ 33. Kg4 Qd1+
34. Kh3 Qf1+ 35. Kg4 Qd1+ {Game drawn by mutual agreement} 1/2-1/2

[Event "Team 45 45 League T55"]
[Site "Internet Chess Club"]
[Date "2012.12.17"]
[Round "5"]
[White "JeremyWa"]
[Black "bshribharath"]
[Result "1-0"]
[WhiteElo "1714"]
[BlackElo "1756"]
[Opening "Sicilian: Canal-Sokolsky (Nimzovich-Rossolimo, Moscow) attack"]
[ECO "B51"]
[Time "11:22:24"]
[TimeControl "2700+45"]

1. e4 c5 2. Nf3 d6 3. Bb5+ Nd7 4. d4 cxd4 5. Qxd4 a6 6. Bc4 e6 7. O-O Ngf6 8.
Nc3 b5 9. Bb3 Be7 10. a4 e5 11. Qd3 b4 12. Nd5 Nxd5 13. Qxd5 Nb6 14. Qxf7+ Kd7
{Black resigns} 1-0

[Event "Team 45 45 League T55"]
[Site "Internet Chess Club"]
[Date "2012.12.13"]
[Round "5"]
[White "qs16"]
[Black "Buford-Julep"]
[Result "0-1"]
[WhiteElo "1683"]
[BlackElo "1698"]
[Opening "Queen's pawn: stonewall attack"]
[ECO "D00"]
[Time "16:01:17"]
[TimeControl "2700+45"]

1. d4 d5 2. e3 Nf6 3. Bd3 c5 4. c3 Nc6 5. f4 Bg4 6. Nf3 e6 7. Nbd2 cxd4 8. cxd4
Bd6 9. O-O O-O 10. Qe1 Nb4 11. Bb1 Rc8 12. Qd1 Qc7 13. a3 Nc2 14. Bxc2 Qxc2 15.
Qe1 Rc7 16. Qh4 Rfc8 17. Ne1 Qg6 18. Nef3 Bf5 19. Ne1 Rxc1 20. Nef3 Rxa1 21.
Rxa1 Rc2 22. Qg3 Qxg3 23. hxg3 Ng4 24. Nf1 Be4 25. b4 f6 26. Nh4 Kf7 27. Re1 Ke7
28. Nh2 Nxh2 29. Kxh2 g5 {White resigns} 0-1

[Event "Team 45 45 League T55"]
[Site "Internet Chess Club"]
[Date "2012.12.16"]
[Round "5"]
[White "bondguy01"]
[Black "MontanaSky"]
[Result "1-0"]
[WhiteElo "1684"]
[BlackElo "1684"]
[Opening "QGD Slav: Smyslov variation"]
[ECO "D16"]
[Time "18:02:27"]
[TimeControl "2700+45"]

1. d4 d5 2. c4 c6 3. Nf3 Nf6 4. Nc3 dxc4 5. a4 Na6 6. e4 Bg4 7. Bxc4 e6 8. Be3
Nb4 9. O-O Be7 10. Be2 O-O 11. Ne5 Bxe2 12. Qxe2 a5 13. f4 Rc8 14. Rad1 Qc7 15.
Ng4 Nxg4 16. Qxg4 f5 17. Qe2 fxe4 18. Nxe4 Nd5 19. Nc5 Bxc5 20. dxc5 e5 21. f5
Rce8 22. Bg5 Rf7 23. Qe4 Kh8 24. Kh1 h6 25. Bh4 Ref8 26. Bg3 Qb8 27. Rde1 Qe8
28. Bxe5 Nf6 29. Qd4 Qd8 30. Bxf6 Qxf6 31. Qxf6 Rxf6 32. g4 g6 33. Re5 gxf5 34.
gxf5 R8f7 35. h4 h5 36. Kh2 Kh7 37. Rf4 Rg7 38. Re6 Rxe6 39. fxe6 Re7 40. Rf7+
Rxf7 41. exf7 Kg7 42. Kg3 Kxf7 43. Kf3 Ke6 44. Ke4 Kf6 45. Kf4 Ke6 46. Kg5 Kd5
47. Kxh5 Kxc5 48. Kg6 Kb4 49. h5 Kxa4 50. h6 Kb3 51. h7 Kxb2 52. h8=Q+ Kb3 53.
Qh3+ Kb4 54. Qg4+ Kb5 55. Qe2+ Kb6 {Black resigns} 1-0